 Dungeon Crawl Stone Soup version 0.22.1-1-ga44c0e5 (webtiles) character file.

208 Fang the Chopper (level 5, -3/34 HPs)
             Began as a Gargoyle Berserker on Oct 25, 2018.
             Was a Priest of Trog.
             Slain by a phantom (4 damage)
             ... on level 4 of the Dungeon on Oct 26, 2018.
             The game lasted 00:04:35 (3946 turns).

Fang the Chopper (Gargoyle Berserker)               Turns: 3946, Time: 00:04:36

Health: -3/34      AC:  6    Str: 21    XL:     5   Next: 86%
Magic:  5/5        EV: 12    Int:  8    God:    Trog [***...]
Gold:   113        SH:  0    Dex:  9    Spells: 4/4 levels left

rFire    . . .     SeeInvis .   a - +0 hand axe
rCold    . . .     Gourm    .   (no shield)
rNeg     + . .     Faith    +   b - +0 animal skin
rPois    ∞         Spirit   .   (no helmet)
rElec    +         Reflect  .   (no cloak)
rCorr    .         Harm     .   (no gloves)
MR       .....                  (no boots)
Stlth    +.........             j - amulet of faith
HPRegen  0.11/turn              (no ring)
MPRegen  0.09/turn              (no ring)

@: no status effects
A: negative energy resistance 1, electricity resistance, unbreathing,
petrification resistance, rot immunity, AC +4
a: Berserk, Trog's Hand, Renounce Religion


You were on level 4 of the Dungeon.
You worshipped Trog.
Trog was most pleased with you.
You were very hungry.

You visited 1 branch of the dungeon, and saw 4 of its levels.

You collected 113 gold pieces.

Inventory:

Hand Weapons
 a - a +0 hand axe (weapon)
Armour
 b - a +0 animal skin (worn)
Jewellery
 j - an amulet of faith (around neck)
Scrolls
 f - 3 scrolls of remove curse {unknown}
 g - a scroll of identify {unknown}
 l - 2 scrolls of enchant armour {unknown}
 m - a scroll of teleportation {unknown}
 n - a scroll of enchant weapon {unknown}
 r - a scroll of magic mapping {unknown}
 s - a scroll of noise {unknown}
Potions
 d - 2 potions of might {unknown}
 e - a potion of agility {unknown}
 h - 2 potions of curing {unknown}
 i - a potion of degeneration {unknown}
 k - 2 potions of flight {unknown}
 o - 2 potions of ambrosia {unknown}
 p - a potion of magic {unknown}
 t - a potion of resistance {unknown}
Comestibles
 c - 4 rations


   Skills:
 + Level 4.4 Fighting
 + Level 4.6 Axes
 + Level 2.1 Armour
 + Level 2.3 Dodging
 + Level 1.2 Stealth


You had 4 spell levels left.
You didn't know any spells.
Your spell library was empty.

Dungeon Overview and Level Annotations

Branches:
Dungeon (4/15)
 Temple: D:4-7

Altars:
Kikubaaqudgha
Nemelex Xobeh
Ru
Yredelemnul


Innate Abilities, Weirdness & Mutations

You are resistant to torment.
Your stone body is resilient. (AC +4)
You are immune to poison.
You resist negative energy. (rN+)
You are resistant to electric shocks. (rElec)
You can survive without breathing.
You are immune to petrification.
You are immune to rotting.


Message History

The phantom is severely damaged.
The phantom blinks!
A phantom is nearby!
The phantom blinks!
The phantom blinks!
You start resting.
The phantom is too close now for your liking.
The phantom blinks!
You slash the phantom!
The phantom is almost destroyed.
The phantom hits you.
* * * LOW HITPOINT WARNING * * *
You hit the phantom.
The phantom is almost destroyed.
The phantom hits you.
* * * LOW HITPOINT WARNING * * *
You barely miss the phantom.
The phantom is almost destroyed.
The phantom hits you.
You die...

#### ..# #########
#.# #.......#
#W####.#####.#
#@........##.#
######.##.##.#
#.##.##.#
#######W..W...###
#..W....##......#
#.......#######.#
#.......#######.##
#.......##.......#
#.......##.####.##


You could see a phantom.

Vanquished Creatures
  An iguana (D:4)
  A worker ant (D:4)
  7 adders
  3 oozes
  An adder skeleton (D:4)
  3 worms
  A dart slug (D:1)
  6 orcs (D:3)
  5 bats
  5 giant cockroaches
  4 goblins
  5 hobgoblins
  3 jackals (D:4)
  11 kobolds
  A quokka (D:3)
  3 frilled lizards
  A jackal zombie (D:3)
  9 rats
  A spectral orc (D:2)
71 creatures vanquished.

Notes
Turn   | Place    | Note
-------+----------+-------------------------------------------
     0 | D:1      | Fang the Gargoyle Berserker began the quest for the Orb.
     0 | D:1      | Reached XP level 1. HP: 14/14 MP: 1/1
   190 | D:1      | Reached XP level 2. HP: 13/20 MP: 2/2
  1158 | D:2      | Found a basalt altar of Yredelemnul.
  1248 | D:2      | Reached XP level 3. HP: 7/24 MP: 3/3
  1737 | D:2      | Reached ** piety under Trog
  2236 | D:3      | Found an ancient bone altar of Kikubaaqudgha.
  2240 | D:3      | Reached XP level 4. HP: 15/29 MP: 4/4
  2380 | D:3      | Found a sparkling altar of Nemelex Xobeh.
  2403 | D:3      | Found a sacrificial altar of Ru.
  3181 | D:3      | Reached XP level 5. HP: 33/33 MP: 5/5
  3236 | D:4      | Reached *** piety under Trog
  3365 | D:4      | Reached skill level 1 in Stealth
  3822 | D:4      | Noticed a phantom
  3945 | D:4      | HP: 1/34 [phantom (4)]
  3946 | D:4      | Slain by a phantom

Skill      XL: |  1  2  3  4  5 |
---------------+----------------+-----
Axes           | 3 4 |  4.6
Fighting       | 4 |  4.4
Dodging        | 2 |  2.3
Stealth        | 1 |  1.2
Armour         | |  2.1

Action                   |  1- 3 |  4- 6 || total
-------------------------+-------+-------++-------
Melee: Hand axe          |   119 |   159 ||   278
Invok: Berserk           |     2 |     5 ||     7
 Stab: Sleeping          |       |     1 ||     1
  Eat: Chunk             |     1 |    11 ||    12
       Ration            |     1 |       ||     1
Armor: Animal skin       |    34 |    54 ||    88
Dodge: Dodged            |    82 |   109 ||   191
